 Seeded DCSS version 0.29-a0-559-g359e09b9d1 (webtiles) character file.

Game seed: 13571357097206540364 (custom seed)

2 zeratav the Stinger (level 1, 11/11 HPs)
             Began as an Octopode Venom Mage on June 10, 2022.
             Quit the game on level 1 of the Dungeon.
             The game lasted 00:00:44 (356 turns).

zeratav the Stinger (Octopode Venom Mage)            Turns: 356, Time: 00:00:44

Health: 11/11      AC:  1    Str:  7    XL:     1   Next: 30%
Magic:  3/3        EV: 13    Int: 17    God:
Gold:   7          SH:  0    Dex: 12    Spells: 3/4 levels left

rFire   . . .      SeeInvis .   b - +0 club {mace}
rCold   . . .      Faith    .   (no shield)
rNeg    . . .      Spirit   .   (helmet restricted)
rPois   .          Reflect  .   (no amulet)
rElec   .          Harm     .   (no ring)
rCorr   .          Rampage  .   (no ring)
Will    .....                   (no ring)
Stlth   +++.......              (no ring)
HPRegen 0.03/turn               (no ring)
MPRegen 0.08/turn               (no ring)
                                (no ring)
                                (no ring)

@: no status effects
A: almost no armour, amphibious, 8 rings, camouflage 1, gelatinous body 1,
(nimble swimmer 1), tentacles
a: no special abilities


You were on level 1 of the Dungeon.
You visited 1 branch of the dungeon, and saw 1 of its levels.

You collected 7 gold pieces.


Innate Abilities, Weirdness & Mutations

You cannot wear most types of armour.
You are amphibious.
You can wear up to eight rings at the same time.
Your skin changes colour to match your surroundings (Stealth+).
Your rubbery body absorbs attacks. (AC +1, EV +1)
((You are camouflaged when in or above water. (Stealth+)))
You have tentacles for arms and can constrict up to eight enemies at once.


   Skills:
 - Level 2.0 Dodging
 - Level 2.6 Stealth
 + Level 2.0 Spellcasting
 - Level 1.0 Transmutations
 * Level 3.7 Poison Magic


You had 3 spell levels left.
You knew the following spells:

 Your Spells              Type           Power      Damage    Failure   Level
a - Sting                 Tmut/Pois      36%        1d4       8%          1

Your spell library contained the following spells:

 Spells                   Type           Power      Damage    Failure   Level
 Poisonous Vapours        Pois/Air       16%        N/A       14%         2
 Mephitic Cloud           Conj/Pois/Air  6%         N/A       34%         3
 Olgreb's Toxic Radiance  Pois           14%        N/A       38%         4

Inventory:

Hand Weapons
 b - a +0 club (weapon) {mace}
   (You took it off a kobold on level 1 of the Dungeon)
Scrolls
 c - a scroll of poison {unknown}
 e - a scroll of acquirement
Potions
 a - a potion of magic
 d - a potion of attraction {unknown}

Dungeon Overview and Level Annotations

Branches:
Dungeon (1/15)

Altars:

######## #......# #.....[#
########## #......#
#........## #......##
#..........
#.......########..........
####.#......@.##..........
#.#........##........>.
#.#........##..........
............##..........
.........†.....÷#.#.###..
..........>..##.....#
#.#.#........###...##
#..................###
...###...######.#...#


There were no monsters in sight!


Message History

Welcome, zeratav the Octopode Venom Mage.
Game seed: 13571357097206540364 (custom seed) Press ? for a list of commands and other information.
Found a staircase leading out of the dungeon.
A kobold comes into view. It is wielding a +0 club.
A kobold is nearby!
Found a stone staircase leading down.
Found an escape hatch in the floor.
The helpless kobold fails to defend itself.
You tentacle-slap the kobold but do no damage.
You grab the kobold.
You constrict the kobold, but do no damage.
The kobold closely misses you.
You tentacle-slap the kobold but do no damage.
You squeeze the kobold.
You constrict the kobold, but do no damage.
The kobold closely misses you.
You tentacle-slap the kobold but do no damage.
Your squeeze misses the kobold.
You constrict the kobold, but do no damage.
The kobold closely misses you.
You tentacle-slap the kobold but do no damage.
You constrict the kobold, but do no damage.
The kobold barely misses you.
You tentacle-slap the kobold but do no damage.
You squeeze the kobold, but do no damage.
You constrict the kobold. The kobold hits you with a +0 club.
HP[-5]
You take 5 damage, and now have 6/11 hp.
MASSIVE DAMAGE!! (PAUSE)
You are too injured to fight recklessly!
You are too injured to fight recklessly!
You are too injured to fight recklessly!
You are too injured to fight recklessly!
You are too injured to fight recklessly!
You are too injured to fight recklessly!
You are too injured to fight recklessly!
You are too injured to fight recklessly!
You are too injured to fight recklessly!
Casting: Sting (safe; 8% risk of failure)
Confirm with . or Enter, or press ? or * to list all spells.
Aiming: Sting (safe; 8% risk of failure)
Press: ? - help, Shift-Dir - straight line, f - kobold
Aim: a kobold, wielding a +0 club (severely wounded, constricted by you, 97% to hit)
The sting hits the kobold.
The kobold is poisoned.
You kill the kobold!
MP[-1]
You lost 1 mp, and now have 2/3 mp.
b - a +0 club {mace} You see here a kobold corpse.
You now have 7 gold pieces.
You see here a kobold corpse.
A ball python comes into view.
The ball python hisses angrily.
HP[+5] MP[+1]
Your hp is fully restored (11).
Your mp is fully restored (3).
b - a +0 club (weapon)
{mace} You see here a scroll labelled SAXZIM COIDGH.
You barely miss the ball python. You grab the ball python.
You squeeze the ball python. You constrict the ball python.
The ball python bites you. The ball python barely misses you.
The ball python bites you. The ball python grabs you.
The ball python constricts you.
HP[-5]
You take 5 damage, and now have 6/11 hp.
MASSIVE DAMAGE!! (PAUSE)
You are too injured to fight recklessly!
You are too injured to fight recklessly!
You are too injured to fight recklessly!
You are too injured to fight recklessly!
You are too injured to fight recklessly!
You are too injured to fight recklessly!
You are too injured to fight recklessly!
You are too injured to fight recklessly!
You are too injured to fight recklessly!
You are too injured to fight recklessly!
You are too injured to fight recklessly!
You are too injured to fight recklessly!
You are too injured to fight recklessly!
Casting: Sting (safe; 8% risk of failure)
Confirm with . or Enter, or press ? or * to list all spells.
Aiming: Sting (safe; 8% risk of failure)
Press: ? - help, Shift-Dir - straight line, f - ball python
Aim: a ball python (severely wounded, constricted by you, constricting you, 100% to hit)
You miscast Sting.
You are very lightly contaminated with residual magic.
Nothing appears to happen.
You constrict the ball python.
You kill the ball python!
MP[-1]
You lost 1 mp, and now have 2/3 mp.
Your magical contamination has completely faded away.
c - a scroll labelled SAXZIM COIDGH
d - a fuming green potion HP[+5] MP[+1]
Your hp is fully restored (11).
Your mp is fully restored (3).
e - a scroll labelled ADAIMO SOFUMON You can't see any susceptible monsters within range! (Use Z to cast anyway.) This is a scroll of acquirement!
Are you sure you want to abandon this character and quit the game? (Confirm with "yes".)

Action                   || total
-------------------------++-------
Melee: Unarmed           ||     5
       Tentacles         ||     3
       Constrict         ||     2
       Club              ||     1
 Cast: Sting             ||     1
 Stab: Sleeping          ||     1
Dodge: Dodged            ||     5

Levels and vault maps discovered:
D:1:      lightli_iron_boxes, layout_rooms

Notes
Turn   | Place    | Note
-------+----------+-------------------------------------------
     0 | D:1      | zeratav the Octopode Venom Mage began the quest for the
                  | Orb.
     0 | D:1      | Reached XP level 1. HP: 11/11 MP: 3/3
     0 | D:1      | magus.rc [v1.9.6]
   346 | D:1      | Identified a scroll of acquirement
   356 | D:1      | Quit the game

Vanquished Creatures
  A ball python (D:1)
  A kobold (D:1)
2 creatures vanquished.

Table legend:
 A = Non-vault XP
 B = Vault XP
 C = Vault XP percentage of total XP
 D = Non-vault monster count
 E = Vault monster count
 F = Vault count percentage of total count
                 A         B        C        D         E       F
            +---------+---------+-------+---------+---------+-------
      Total |       3 |       0 |   0.0 |       2 |       0 |   0.0
            +---------+---------+-------+---------+---------+-------
        D:1 |       3 |       0 |   0.0 |       2 |       0 |   0.0
            +---------+---------+-------+---------+---------+-------

Illustrated notes

Table legend:
 A = Kills in this place as a percentage of kills in entire the game.
 B = Kills by you in this place as a percentage of kills by you in the entire game.
 C = Kills by friends in this place as a percentage of kills by friends in the entire game.
 D = Other kills in this place as a percentage of other kills in the entire game.
 E = Experience gained in this place as a percentage of experience gained in the entire game.
 F = Experience gained in this place divided by the number of levels of this place that you have seen.
                   A       B       C       D       E      F
               +-------+-------+-------+-------+-------+----------------------
         Total | 100.0 | 100.0 |   N/A |   N/A | 100.0 |   3.0
       Dungeon | 100.0 | 100.0 |   N/A |   N/A | 100.0 |   3.0
               +-------+-------+-------+-------+-------+----------------------

Table legend: (Time is in decaauts)
 A = Elapsed time spent in this place.
 B = Non-inter-level travel time spent in this place.
 C = Inter-level travel time spent in this place.
 D = Time resting spent in this place.
 E = Time spent auto-exploring this place.
 F = Levels seen in this place.
 G = Mean time per level.
                   A        B        C        D        E       F      G
               +--------+--------+--------+--------+--------+-----+--------+
         Total |    355 |    345 |     10 |      0 |    324 |   1 |  355.0 |
       Dungeon |    355 |    345 |     10 |      0 |    324 |   1 |  355.0 |
               +--------+--------+--------+--------+--------+-----+--------+

Top non-repeatable levels by time:
     D:1: 355 daAuts
